Map: Oxide LE

Players

sOs - Winner!

  • Race: Protoss Protoss
  • Spawn Location: 1:00

ByuN

  • Race: Terran Terran
  • Spawn Location: 7:00

Event: IEM Katowice 2021

VOD

Have the link to the VOD?

Description

Time

  • Played on: Feb. 21, 2021, 11:53 a.m.
  • Length: 13:17

All games in this series

Show
View Real Time Build Order
Export as new Build Order

sOs Protoss - Winner!

Build Orders: 1 Gate Expand, Blink Stalkers 

Get SALT Encoding   

  12  0:00  Probe  
  13  0:12  Probe  
  14  0:18  Pylon  
  14  0:24  Probe (Chrono Boost)  
  15  0:36  Gateway  
  15  0:38  Probe (Chrono Boost)  
  16  0:43  Probe (Chrono Boost)  
  16  0:45  Assimilator  
  17  0:52  Probe  
  18  1:04  Probe  
  19  1:16  Probe  
  20  1:23  Cybernetics Core  
  20  1:32  Nexus  
  20  1:34  Probe  
  21  1:40  Pylon  
  21  1:46  Probe  
  22  1:50  Assimilator  
  22  1:58  Adept (Chrono Boost)  
  22  2:00  Shield Battery  
  24  2:04  Probe  
  24  2:07  Warp Gate  
  25  2:16  Probe  
  25  2:20  Stalker  
  28  2:28  Probe  
  29  2:32  Twilight Council  
  29  2:41  Probe (Chrono Boost)  
  29  2:44  Probe (Chrono Boost)  
  32  2:52  Probe (Chrono Boost)  
  32  2:53  Probe (Chrono Boost)  
  32  2:56  Robotics Facility  
  32  2:57  Probe (Chrono Boost)  
  32  2:58  Probe (Chrono Boost)  
  35  3:10  Probe x2  
  37  3:13  Blink (Chrono Boost)  
  37  3:24  Probe x2  
  39  3:27  Gateway  
  39  3:30  Gateway  
  39  3:35  Gateway  
  39  3:36  Probe  
  39  3:38  Probe  
  41  3:42  Pylon  
  41  3:43  Observer (Chrono Boost)  
  42  3:49  Probe  
  42  3:50  Probe  
  42  3:51  Assimilator  
  44  4:00  Warp Prism (Chrono Boost)  
  44  4:01  Stalker  
  48  4:05  Pylon  
  48  4:07  Probe  
  48  4:08  Probe  
  50  4:21  Pylon  
  50  4:29  Stalker x4, Observer  
  58  4:37  Pylon  
  58  4:38  Probe x2  
  60  4:41  Assimilator  
  60  4:54  Stalker x2  
  60  4:55  Stalker x2  
  68  5:07  Probe x2  
  68  5:13  Pylon  
  70  5:14  Robotics Bay  
  70  5:16  Observer  
  70  5:29  Stalker x4  
  70  5:32  Pylon  
  70  5:33  Probe x2  
  80  5:51  Nexus  
  80  5:54  Pylon  
  80  6:02  Colossus  
  79  6:09  Stalker x3  
  82  6:14  Probe x2  
  83  6:21  Observer  
  83  6:25  Shield Battery  
  83  6:27  Extended Thermal Lance  
  83  6:32  Probe x2  
  85  6:34  Charge (Chrono Boost)  
  85  6:45  Probe x2 (Chrono Boost)  
  85  6:46  Colossus  
  87  6:57  Gateway, Probe (Chrono Boost)  
  87  6:58  Gateway, Probe (Chrono Boost)  
  91  7:11  Zealot x3, Sentry  
  97  7:23  Forge  
  97  7:24  Gateway, Probe  
  97  7:25  Probe x2  
  99  7:32  Shield Battery  
  99  7:33  Pylon  
  99  7:40  Stalker x2  
  99  7:42  Colossus  
  94  7:52  Zealot x3  
  98  8:01  Zealot  
  98  8:02  Protoss Ground Weapons Level 1 (Chrono Boost)  
  98  8:04  Zealot x2  
  102  8:17  Zealot x3  
  102  8:19  Shield Battery  
  98  8:26  Zealot x3, Sentry  
  106  8:32  Photon Cannon  
  106  8:39  Stalker x3  
  112  8:41  Observer (Chrono Boost)  
  112  8:45  Pylon  
  116  8:50  Pylon  
  116  8:53  Sentry x2  
  117  8:56  Pylon  
  109  9:18  Zealot  
  109  9:19  Zealot x6  
  109  9:23  Forge  
  123  9:37  Pylon  
  129  9:40  Pylon  
  129  9:42  Protoss Ground Armor Level 1 (Chrono Boost)  
  128  9:45  Stalker x2  
  128  9:46  Stalker x4  
  140  9:58  Immortal (Chrono Boost)  
  140  10:04  Protoss Ground Weapons Level 2 (Chrono Boost)  
  140  10:05  Nexus  
  138  10:08  Shield Battery  
  138  10:15  Zealot x6  
  150  10:22  Templar Archives  
  150  10:24  Pylon  
  150  10:30  Probe x3  
  150  10:33  Observer  
  154  10:39  Photon Cannon  
  154  10:42  Gateway  
  154  10:47  Zealot x4  
  162  10:50  Zealot  
  162  10:55  Observer  
  165  11:04  Pylon  
  165  11:06  Pylon  
  165  11:10  Gateway  
  165  11:13  Gateway  
  165  11:18  High Templar x2  
  165  11:19  High Templar x3  
  165  11:21  Zealot, High Templar  
  165  11:24  Archon x2  
  165  11:25  Archon  
  178  11:27  Immortal (Chrono Boost)  
  180  11:50  Zealot, Observer  
  180  11:51  Zealot x5  
  180  11:52  Zealot  
  194  11:54  Assimilator  
  194  11:55  Zealot  
  194  11:56  Assimilator  
  196  12:06  Probe x2  
  196  12:34  Probe  
  181  12:38  Zealot x8, Observer  
  181  12:39  Zealot x2  
  181  12:42  Warp Prism (Chrono Boost)  
  147  13:01  Stalker x9  
  147  13:02  Stalker  
Show
View Real Time Build Order
Export as new Build Order

ByuN Terran 

Build Orders:  

Get SALT Encoding   

  12  0:00  SCV  
  13  0:12  SCV  
  14  0:16  Supply Depot  
  14  0:24  SCV  
  15  0:38  SCV  
  15  0:39  Barracks  
  15  0:42  Refinery  
  16  0:50  SCV  
  17  1:02  SCV  
  18  1:14  SCV  
  19  1:27  Marine, Orbital Command  
  20  1:39  Command Center  
  20  1:51  Factory  
  20  1:54  SCV  
  21  2:02  Barracks Reactor  
  21  2:03  Refinery  
  21  2:06  SCV  
  22  2:12  Supply Depot  
  22  2:18  SCV  
  23  2:33  SCV  
  23  2:35  Hellion  
  26  2:37  Starport  
  26  2:38  Marine x2  
  28  2:45  SCV  
  28  2:51  Orbital Command  
  29  2:57  Marine x2  
  33  2:58  Widow Mine  
  33  3:02  SCV  
  34  3:08  Orbital Command  
  34  3:13  Medivac  
  34  3:16  Marine x2  
  34  3:18  SCV  
  39  3:23  Factory Tech Lab  
  39  3:25  Supply Depot  
  39  3:33  SCV  
  39  3:34  SCV, Marine  
  41  3:35  Marine  
  43  3:44  Supply Depot  
  43  3:46  SCV x2  
  43  3:47  Factory Tech Lab  
  45  3:52  Raven  
  45  3:53  Barracks  
  45  3:55  Marine  
  48  3:57  Marine  
  48  4:00  SCV x2  
  51  4:07  Supply Depot  
  51  4:14  Siege Tank  
  51  4:15  Marine x2  
  57  4:17  SCV x2  
  58  4:29  SCV x2, Bunker  
  60  4:33  Marine x2  
  62  4:41  SCV x2  
  62  4:43  Barracks  
  64  4:46  Marauder, Siege Tank  
  64  4:52  Supply Depot  
  67  4:53  SCV x2, Marine  
  67  4:57  Supply Depot  
  70  5:05  Marine  
  70  5:08  Supply Depot, Refinery  
  70  5:13  SCV x2, Marine  
  70  5:14  Marauder  
  75  5:15  Stimpack  
  72  5:23  Marine  
  72  5:27  Siege Tank  
  75  5:29  Bunker  
  75  5:30  SCV x2  
  75  5:32  Marine, Supply Depot  
  75  5:34  Barracks Tech Lab  
  78  5:37  Supply Depot  
  78  5:39  Starport Reactor  
  78  5:41  Marine  
  79  5:43  Marauder  
  79  5:45  Bunker  
  79  5:48  Bunker  
  79  5:49  SCV  
  81  5:54  SCV, Supply Depot  
  81  5:56  Refinery  
  82  6:02  Marauder  
  82  6:03  SCV  
  80  6:04  Marauder  
  80  6:05  Marine  
  80  6:07  Marine  
  80  6:23  Medivac  
  80  6:24  Marauder  
  84  6:26  Marauder, Supply Depot, SCV  
  84  6:27  SCV  
  88  6:37  Combat Shield  
  88  6:39  Marine x2, Siege Tank  
  93  6:48  Marauder x2  
  93  6:53  Command Center  
  97  6:54  Concussive Shells  
  97  6:58  Marine  
  96  7:10  Marauder x2  
  96  7:12  Medivac x2  
  104  7:15  SCV  
  104  7:16  SCV  
  104  7:18  Barracks  
  104  7:20  Barracks  
  104  7:21  Supply Depot  
  106  7:24  Supply Depot  
  106  7:27  Marine x2  
  106  7:29  SCV x2  
  110  7:40  Engineering Bay  
  110  7:43  Marauder x2  
  114  7:50  SCV  
  106  7:57  Siege Tank  
  106  7:58  Marine x2  
  105  8:04  Marauder x2  
  106  8:07  Barracks Reactor  
  106  8:08  Barracks Tech Lab  
  106  8:09  Terran Infantry Weapons Level 1  
  106  8:18  SCV x2  
  93  8:20  Marine x2  
  93  8:25  Orbital Command  
  93  8:28  Marauder x2  
  93  8:29  Marine, Siege Tank  
  101  8:39  Medivac x2  
  105  8:45  Marine x2, Ghost Academy  
  105  8:46  Marine x2  
  113  8:55  Marauder x2  
  113  8:57  Marauder  
  113  8:59  SCV x2  
  113  9:01  Siege Tank  
  120  9:03  Reaper  
  120  9:04  Missile Turret  
  120  9:07  Orbital Command  
  112  9:11  Marine x2  
  109  9:17  Marauder  
  109  9:22  Marauder, Marine  
  109  9:23  Marauder  
  114  9:25  Viking x2  
  118  9:31  Marine  
  118  9:32  Marine  
  118  9:33  Supply Depot x2  
  118  9:37  Ghost  
  122  9:42  Ghost  
  122  9:45  Ghost  
  124  9:46  Marine x2  
  128  9:53  Marine x2  
  128  9:58  Viking x2  
  134  10:05  Marine x2  
  136  10:11  SCV, Supply Depot  
  136  10:12  SCV  
  138  10:14  Marauder x3, Marine  
  138  10:15  Marine, Missile Turret  
  138  10:19  Terran Infantry Armor Level 1  
  138  10:20  Orbital Command  
  146  10:34  Viking  
  148  10:39  Viking  
  150  10:43  Refinery  
  150  10:44  Refinery  
  150  10:46  Missile Turret  
  150  10:47  Enhanced Shockwaves  
  150  10:55  SCV x3  
  153  11:03  Marauder x3, Marine x3  
  161  11:07  Viking  
  163  11:12  Viking  
  164  11:22  Supply Depot x2  
  164  11:23  Supply Depot  
  164  11:27  Marine  
  165  11:35  Marine  
  165  11:37  Marine  
  165  11:41  Marine  
  165  11:43  Siege Tank  
  165  11:44  Marauder x3  
  174  11:49  Sensor Tower  
  174  11:50  Command Center  
  174  12:04  Ghost x2  
  174  12:05  Ghost  
  180  12:17  Marine x3  
  179  12:33  Ghost x3  
  168  12:41  Marine x3  
  93  13:02  Barracks  
  93  13:03  Barracks  

Tags
 
Add a new tag
Caveats
  • Supply blocks, unpowered buildings, or Contaminate may cause inaccurate times.
  • Supply counts are checked every 10 seconds.